 Dungeon Crawl Stone Soup version 0.19.1 (webtiles) character file.

1422 Daunt the Transmogrifier (level 8, -3/59 HPs)
             Began as a Green Draconian Transmuter on Dec 2, 2016.
             Slain by Joseph
             ... wielding a +0 quarterstaff of protection
              (13 damage)
             ... on level 7 of the Dungeon.
             The game lasted 00:40:03 (5581 turns).

Daunt the Transmogrifier (DrTm)                     Turns: 5581, Time: 00:40:03

Health: -3/59      AC:  2    Str: 12    XL:     8   Next: 44%
Magic:  10/11      EV: 25    Int: 16    God:
Gold:   325        SH:  0    Dex: 22    Spells: 2 memorised, 3 levels left

rFire  . . .     SeeInvis .       - Unarmed
rCold  . . .     Gourm    .     (armour unavailable)
rNeg   . . .     Faith    .     (shield currently unavailable)
rPois  x         Spirit   .     (helmet currently unavailable)
rElec  .         Reflect  .     (cloak currently unavailable)
rCorr  .         Harm     .     (gloves currently unavailable)
MR     .....                    (boots currently unavailable)
Stlth  +++.......               n - amulet of rage
                                (no ring)
                                (no ring)

@: agile, exhausted, spider-form, slowed, very slow
A: (breathe noxious fumes), unfitting armour, (poison resistance),
(cold-blooded), AC +6
a: End Transformation, Evoke Berserk Rage


You were on level 7 of the Dungeon.
You were very hungry.
You were a venomous arachnid creature.
You visited 2 branches of the dungeon, and saw 8 of its levels.

You collected 325 gold pieces.

Inventory:

Hand Weapons
 o - a +1 flail of crushing
 B - a +4 quarterstaff of chaos (melded)
Missiles
 a - 12 arrows
 d - 168 stones (quivered)
Armour
 v - a +0 pair of boots (melded)
 C - a +0 cloak (melded)
 G - a +0 pair of gloves (melded)
Jewellery
 n - an amulet of rage (around neck)
 I - an uncursed amulet of harm
Wands
 z - a wand of slowing (36/48)
 J - a wand of iceblast (11/15)
 L - a wand of confusion (20/48)
Scrolls
 e - a scroll of magic mapping
 g - 2 scrolls of teleportation
 h - 2 scrolls of fear {unknown}
 k - a scroll of fog {unknown}
 l - 3 scrolls of remove curse
 m - 2 scrolls of immolation
 p - 3 scrolls of amnesia
 s - a scroll of recharging {unknown}
 D - 2 scrolls of identify
 E - a scroll of random uselessness {unknown}
 H - a scroll of brand weapon {unknown}
 O - a scroll of blinking {unknown}
Potions
 i - 4 potions of curing
 j - 3 potions of invisibility
 r - a potion of resistance
 u - a potion of beneficial mutation {unknown}
 x - a potion of berserk rage {unknown}
 A - 4 potions of lignification {unknown}
 M - a potion of mutation {unknown}
 N - a potion of heal wounds {unknown}
Books
 b - a book of Changes

   Spells                             Type                      Level
   a - Beastly Appendage              Transmutation                1
   b - Sticks to Snakes               Transmutation                2
   c - Spider Form                    Transmutation/Poison         3
   d - Ice Form                       Ice/Transmutation            4
   e - Blade Hands                    Transmutation                5
 y - a book of Conjurations

   Spells                             Type                      Level
   a - Magic Dart                     Conjuration                  1
   b - Searing Ray                    Conjuration                  2
   c - Dazzling Spray                 Conjuration/Hexes            3
   d - Fulminant Prism                Conjuration/Hexes            4
   e - Iskenderun's Mystic Blast      Conjuration                  4
   f - Iskenderun's Battlesphere      Conjuration/Charms           5
 K - a book of Cantrips

   Spells                             Type                      Level
   a - Confusing Touch                Hexes                        1
   b - Animate Skeleton               Necromancy                   1
   c - Summon Small Mammal            Summoning                    1
   d - Apportation                    Translocation                1
Comestibles
 c - 5 bread rations
 f - a slice of pizza
 q - 2 beef jerkies
 t - 4 meat rations
 F - 5 fruits
 P - a chunk of flesh


   Skills:
 - Level 1.1 Fighting
 - Level 1.7 Dodging
 + Level 5.5 Unarmed Combat
 - Level 2.0 Spellcasting
 - Level 9.1 Transmutations
 - Level 3.1 Poison Magic


You had 3 spell levels left.
You knew the following spells:

 Your Spells              Type           Power        Failure   Level  Hunger
a - Spider Form           Tmut/Pois      ###.......   17%         3    ###....
b - Blade Hands           Tmut           ####......   32%         5    ######.


Dungeon Overview and Level Annotations

Branches:
Dungeon (7/15)             Temple (1/1) D:4

Altars:
Cheibriados
Dithmenos
Fedhas
Gozag
Hepliaklqana
Kikubaaqudgha
Makhleb
Okawaru
Qazlal
Ru
Sif Muna
Trog
Uskayaw
Yredelemnul
Zin
The Shining One

Shops:
D:5 [

Annotations:
D:6 Eustachio
D:7 Joseph


Innate Abilities, Weirdness & Mutations

((You can breathe blasts of noxious fumes.))
((Your lurid green scales are hard. (AC +6)))
You cannot fit into any form of body armour.
((Your system is resistant to poisons. (rPois)))
((You are cold-blooded and may be slowed by cold attacks.))


Message History

Joseph wields an uncursed hunting sling.
Joseph shoots a sling bullet.
The sling bullet hits you!!
Joseph shoots a sling bullet.
The sling bullet misses you.
You see here a sling bullet.
Joseph says, "It's nothing personal, but I have to kill you."
Joseph unwields an uncursed hunting sling.
Joseph wields an uncursed quarterstaff of protection.
Joseph misses you.
You hit Joseph but do no damage.
Joseph is moderately wounded.
Joseph closely misses you.
You hit Joseph.
Joseph looks as sick as possible!
Joseph is moderately wounded.
Joseph hits you with an uncursed quarterstaff of protection!
You hit Joseph.
Joseph looks as sick as possible!
Joseph is moderately wounded.
Joseph hits you with an uncursed quarterstaff of protection!
* * * LOW HITPOINT WARNING * * *
Joseph hits you with an uncursed quarterstaff of protection!
You die...

##.## # ##...##
#.##....(#
.......#
#.#.##.....#
#.....<...#####..
#.#####..(.......#
####(#####. #s#
#@# #.# #.# ..#
###


You could see Joseph.

Vanquished Creatures
  Grinder (D:6)
  An orc warrior (D:4)
  A sky beast (D:5)
  2 ogres
  A big kobold (D:6)
  2 scorpions
  A water moccasin skeleton (D:6)
  A bullfrog zombie (D:5)
  A crimson imp (D:5)
  Crazy Yiuf (D:3)
  A bullfrog skeleton (D:4)
  3 orc wizards (D:5)
  An orc priest (D:5)
  An iguana (D:6)
  4 worker ants
  A worker ant zombie (D:5)
  3 adders
  12 gnolls
  An adder zombie (D:6)
  3 adder skeletons (D:4)
  A worm (D:2)
  2 dart slugs
  A leopard gecko (D:1)
  10 orcs
  4 bats
  4 giant cockroaches
  10 goblins
  11 hobgoblins
  17 jackals
  A quokka (D:3)
  A ball python (D:1)
  5 frilled lizards
  18 kobolds
  A leopard gecko skeleton (D:5)
  4 rats
132 creatures vanquished.

Vanquished Creatures (others)
  An adder zombie (D:5)
  5 toadstools (D:1)
6 creatures vanquished.

Grand Total: 138 creatures vanquished

Notes
Turn   | Place    | Note
-------+----------+-------------------------------------------
     0 | D:1      | Daunt the Draconian Transmuter began the quest for the Orb.
     0 | D:1      | Reached XP level 1. HP: 16/16 MP: 3/3
   228 | D:1      | Reached XP level 2. HP: 23/23 MP: 3/5
   314 | D:1      | Reached skill level 3 in Transmutations
   649 | D:2      | Reached XP level 3. HP: 28/28 MP: 4/6
   691 | D:2      | Found a bloodstained altar of Trog.
   716 | D:2      | Found a sacrificial altar of Ru.
   719 | D:2      | Found a hazy altar of Hepliaklqana.
   719 | D:2      | Found a blossoming altar of Fedhas.
   750 | D:2      | Found a shadowy altar of Dithmenos.
  1131 | D:3      | Reached skill level 4 in Transmutations
  1169 | D:3      | Learned a level 3 spell: Spider Form
  1201 | D:3      | Found a faded altar of an unknown god.
  1443 | D:3      | Found a burning altar of Makhleb.
  1443 | D:3      | Noticed an Executioner
  1708 | D:3      | Reached XP level 4. HP: 35/35 MP: 7/7
  2145 | D:3      | Found a runed door.
  2227 | D:3      | Noticed Crazy Yiuf
  2232 | D:3      | Killed Crazy Yiuf
  2232 | D:3      | Reached skill level 5 in Transmutations
  2304 | D:4      | Reached XP level 5. HP: 40/40 MP: 8/8
  2397 | D:4      | Found a staircase to the Ecumenical Temple.
  2414 | D:4      | Noticed an ogre
  2427 | D:4      | Killed an ogre
  2427 | D:4      | Reached skill level 6 in Transmutations
  2427 | D:4      | Reached XP level 6. HP: 47/47 MP: 9/9
  3342 | Temple   | Entered the Ecumenical Temple
  3376 | D:5      | Entered Level 5 of the Dungeon
  3382 | D:5      | Reached skill level 7 in Transmutations
  3420 | D:5      | Found Poluh's Armour Boutique.
  3443 | D:5      | Noticed a sky beast
  3488 | D:5      | Found a basalt altar of Yredelemnul.
  3762 | D:5      | Your scales start taking on a lurid green colour.
  3762 | D:5      | Reached XP level 7. HP: 41/52 MP: 10/10
  3762 | D:5      | Gained mutation: Your system is resistant to poisons. (rPois) [Green Draconian growth]
  3824 | D:5      | Reached skill level 1 in Poison Magic
  4164 | D:5      | Reached skill level 8 in Transmutations
  4780 | D:5      | Reached skill level 9 in Transmutations
  4786 | D:5      | Reached XP level 8. HP: 40/59 MP: 11/11
  4793 | D:5      | Learned a level 5 spell: Blade Hands
  4995 | D:6      | Noticed Grinder
  5007 | D:6      | Killed Grinder
  5042 | D:6      | Noticed Eustachio
  5094 | D:6      | Reached skill level 5 in Unarmed Combat
  5311 | D:6      | Found a hide-covered altar of Uskayaw.
  5565 | D:7      | Noticed Joseph
  5581 | D:7      | Slain by Joseph

Skill      XL: |  1  2  3  4  5  6  7  8 |
---------------+-------------------------+-----
Transmutations | 3 4 5 6 7 9 |  9.1
Poison Magic   | 3 |  3.1
Unarmed Combat | 5 |  5.5
Fighting       | |  1.1
Dodging        | |  1.7
Spellcasting   | |  2.0

Action                   |  1- 3 |  4- 6 |  7- 9 || total
-------------------------+-------+-------+-------++-------
Melee: Unarmed           |    57 |     5 |    61 ||   123
       Tailslap          |    16 |     8 |    13 ||    37
       Headbutt          |     6 |       |       ||     6
       Kick              |     4 |       |       ||     4
       Flail             |    73 |    15 |       ||    88
       Quarterstaff      |       |    81 |   134 ||   215
Throw: Stone             |     1 |       |       ||     1
 Cast: Beastly Appendage |    11 |       |       ||    11
       Spider Form       |       |     3 |     7 ||    10
 Abil: Evoke Berserk Rag |       |     4 |     4 ||     8
       Breathe Noxious F |       |       |     1 ||     1
  Use: Scroll            |       |     9 |       ||     9
       Potion            |       |       |     1 ||     1
 Stab: Sleeping          |       |     1 |     1 ||     2
       Confused          |       |       |     1 ||     1
  Eat: Chunk             |     3 |    10 |    10 ||    23
Armor: Skin              |    58 |    22 |    52 ||   132
Dodge: Dodged            |   112 |    62 |   158 ||   332
